 Dungeon Crawl Stone Soup version 0.23.2-33-g5129a83184 (webtiles) character file.

Game seed: 17373142020701789197

1582 Kalimero the Skirmisher (level 8, -11/73 HPs)
             Began as a Minotaur Berserker on July 24, 2019.
             Was an Elder of Trog.
             Mangled by a gnoll sergeant
             ... wielding a +8 trident of protection
              (13 damage)
             ... on level 5 of the Dungeon on July 25, 2019.
             The game lasted 00:42:02 (4885 turns).

Kalimero the Skirmisher (Minotaur Berserker)        Turns: 4885, Time: 00:42:03

Health: -11/73     AC:  3    Str: 26    XL:     8   Next: 60%
Magic:  7/7        EV: 15    Int:  4    God:    Trog [****..]
Gold:   320        SH:  0    Dex: 17    Spells: 7/7 levels left

rFire    + . .     SeeInvis .   G - +2 dagger (holy)
rCold    . . .     Gourm    .   (no shield)
rNeg     . . .     Faith    .   B - +0 leather armour {rF+}
rPois    .         Spirit   .   (helmet restricted)
rElec    .         Reflect  .   (no cloak)
rCorr    .         Harm     .   (no gloves)
MR       .....                  (no boots)
Stlth    ++........             r - amulet of magic regeneration
HPRegen  0.22/turn              h - +4 ring of dexterity
MPRegen  0.35/turn              K - +5 ring of strength

@: lethally poisoned (-11 -> -28)
A: retaliatory headbutt, horns 2, agile 1, weak 1
a: Berserk, Trog's Hand, Brothers in Arms, Renounce Religion


You were on level 5 of the Dungeon.
You worshipped Trog.
Trog was greatly pleased with you.
You were not hungry.

You visited 1 branch of the dungeon, and saw 5 of its levels.

You collected 320 gold pieces.

Inventory:

Hand Weapons
 a - a +0 hand axe
 f - a +0 short sword
 m - a +3 dagger of distortion
 o - a +0 hand axe
 q - a +0 club
 s - a +0 mace
 x - a +1 mace of holy wrath
 G - a +2 dagger of holy wrath (weapon)
 M - a +1 whip of flaming
 Y - a +2 dagger of holy wrath
Missiles
 e - 197 stones (quivered)
 X - 8 silver tomahawks
Armour
 b - a +0 animal skin
 t - a +0 ring mail
 z - a +0 robe
 A - a +0 helmet
 B - a +0 leather armour of fire resistance (worn)
 I - a +0 robe
 L - a +0 scale mail
 O - a +0 ring mail
 Q - a +0 animal skin
 R - a +1 robe of fire resistance
 V - a +0 scale mail
 Z - a +0 robe
Magical Staves
 W - an uncursed staff of energy
Jewellery
 h - a +4 ring of dexterity (left hand)
 j - an uncursed ring of magical power
 r - an amulet of magic regeneration (around neck)
 D - an uncursed ring of poison resistance
 F - an uncursed ring of see invisible
 J - an uncursed ring of magical power
 K - a +5 ring of strength (right hand)
 T - an uncursed ring of protection from cold
Wands
 p - a wand of paralysis (10)
 U - a wand of clouds (5)
Scrolls
 d - a scroll of amnesia {unknown}
 g - a scroll of enchant armour {unknown}
 i - 4 scrolls of identify {unknown}
 v - 3 scrolls of remove curse {unknown}
 w - a scroll of fog {unknown}
 C - a scroll of enchant weapon {unknown}
 E - a scroll of magic mapping {unknown}
Potions
 k - a potion of heal wounds {unknown}
 n - a potion of mutation
 P - a potion of resistance {unknown}
 S - a potion of ambrosia {unknown}
Comestibles
 c - 4 rations


   Skills:
 + Level 7.0 Fighting
 + Level 5.4 Short Blades
 + Level 4.8 Axes
 + Level 1.2 Staves
 + Level 5.0 Throwing
 + Level 3.4 Armour
 + Level 5.0 Dodging
 + Level 2.2 Stealth


You had 7 spell levels left.
You didn't know any spells.
Your spell library was empty.

Dungeon Overview and Level Annotations

Branches:
Dungeon (5/15)             Temple (0/1) D:5

Altars:
Ashenzari
Ru


Innate Abilities, Weirdness & Mutations

You reflexively headbutt those who attack you in melee.
You have a pair of horns on your head.
You are agile. (Dex +2)
You are weak. (Str -2)


Message History

The gnoll sergeant is heavily wounded.
You feel sick. The gnoll barely misses you. x2
The gnoll sergeant hits you with a +8 trident of protection!
* * * LOW HITPOINT WARNING * * *
You completely miss the gnoll sergeant.
The gnoll sergeant is heavily wounded.
* * * LOW HITPOINT WARNING * * *
You feel sick.
The gnoll closely misses you. x2; The gnoll barely misses you.
You hit the gnoll sergeant but do no damage.
The gnoll sergeant is heavily wounded.
* * * LOW HITPOINT WARNING * * *
You feel sick.
The gnoll sergeant hits you with a +8 trident of protection!
* * * LOW HITPOINT WARNING * * *
The gnoll barely misses you. You furiously retaliate!
You headbutt the gnoll! The gnoll closely misses you.
* * * LOW HITPOINT WARNING * * *
You feel sick.
The gnoll sergeant hits you from afar with a +8 trident of protection!
You die...

.#.##.########.# #.######
#. ###............#
#......# #.
.#....(.....##># #.####.#
#.
......##.......#######.#
#.# #.
......##.##.##.≈≈≈≈≈≈≈≈≈
#.# #.
......##.##.##.≈##≈≈≈##≈#
#.# #.
.........##.##.≈###### ≈#
#.## #.
......#..##.##.≈≈#gg.# ≈#
#..###.
.....##..##.##..@'gg.#
≈###.#.##.
.....##..##.###≈≈#g..#
≈##.###..# ...#........#
#≈###### #.## ##.#
#....##..#### #≈#
#..###... ##.......# #≈≈
#.#.#.>.. 8#......##
###### #.##.##..
.#..##..# ####...#
#.######. .#......#
#......# #.# #. .#©..#..#
#).⌠...# ###.# ##.


You could see a gnoll sergeant and 4 gnolls.

Vanquished Creatures
  Pikel (D:4)
  The ghost of H0rd4k the Thaumaturge, a novice DEWz of Sif Muna (D:5)
  A slave (D:4)
  A sky beast (D:5)
  A centaur (D:5)
  A scorpion (D:4)
  A crimson imp (D:5)
  2 bullfrog zombies (D:5)
  A bullfrog skeleton (D:5)
  3 orc priests
  5 orc wizards
  Jessica (D:2)
  Ijyb (D:4)
  Terence (D:2)
  A worker ant (D:5)
  An iguana (D:4)
  A hound skeleton (D:4)
  11 adders
  2 dart slugs
  3 leopard geckos
  14 orcs
  7 giant cockroaches
  10 hobgoblins
  17 jackals
  8 kobolds
  4 quokkas
  3 ball pythons
  9 bats
  7 frilled lizards
  10 goblins
  6 rats
135 creatures vanquished.

Vanquished Creatures (others)
  Menkaure (D:4)
  2 worms
  A giant cockroach (D:4)
  A frilled lizard (D:4)
5 creatures vanquished.

Grand Total: 140 creatures vanquished

Notes
Turn   | Place    | Note
-------+----------+-------------------------------------------
     0 | D:1      | Kalimero the Minotaur Berserker began the quest for the
                  | Orb.
     0 | D:1      | Reached XP level 1. HP: 19/19 MP: 0/0
   182 | D:1      | Reached XP level 2. HP: 13/27 MP: 1/1
   464 | D:1      | Reached skill level 4 in Fighting
   477 | D:1      | Reached ** piety under Trog
   477 | D:1      | Reached XP level 3. HP: 30/33 MP: 2/2
   761 | D:2      | Found a sacrificial altar of Ru.
   762 | D:2      | Noticed Terence
   771 | D:2      | Killed Terence
   886 | D:2      | Reached XP level 4. HP: 40/40 MP: 3/3
   910 | D:2      | Noticed Jessica
  1128 | D:2      | Killed Jessica
  1128 | D:2      | Reached skill level 1 in Short Blades
  1402 | D:3      | Gained mutation: You are weak. (Str -2) [potion of
                  | mutation]
  1402 | D:3      | Gained mutation: You are agile. (Dex +2) [potion of
                  | mutation]
  1421 | D:3      | Reached XP level 5. HP: 43/47 MP: 4/4
  1925 | D:3      | Reached skill level 1 in Throwing
  1962 | D:3      | Reached *** piety under Trog
  2329 | D:3      | Reached XP level 6. HP: 53/53 MP: 5/5
  2635 | D:4      | Noticed a slave
  2635 | D:4      | Noticed Pikel
  2636 | D:4      | Noticed a slave
  2636 | D:4      | Noticed a slave
  2639 | D:4      | Noticed Menkaure
  2641 | D:4      | Noticed a slave
  2644 | D:4      | Killed a slave
  2650 | D:4      | HP: 2/55 [Pikel/+1 whip of flaming (5)]
  2651 | D:4      | Killed Pikel
  2651 | D:4      | Reached **** piety under Trog
  2651 | D:4      | Reached skill level 5 in Fighting
  2651 | D:4      | Reached skill level 1 in Stealth
  2651 | D:4      | Reached XP level 7. HP: 2/61 MP: 6/6
  2652 | D:4      | Killed Menkaure
  3237 | D:4      | Noticed Ijyb
  3246 | D:4      | Killed Ijyb
  3353 | D:5      | Entered Level 5 of the Dungeon
  3431 | D:5      | Received a gift from Trog
  3482 | D:5      | Reached skill level 6 in Fighting
  3489 | D:5      | Found a staircase to the Ecumenical Temple.
  3764 | D:5      | Reached XP level 8. HP: 39/70 MP: 7/7
  3997 | D:5      | Found a transporter.
  3999 | D:5      | Noticed H0rd4k's ghost (novice DEWz)
  4111 | D:5      | Found a transporter.
  4128 | D:5      | Killed H0rd4k's ghost
  4128 | D:5      | Reached skill level 5 in Short Blades
  4366 | D:5      | Reached skill level 1 in Staves
  4440 | D:5      | Found a shattered altar of Ashenzari.
  4494 | D:5      | Reached skill level 7 in Fighting
  4494 | D:5      | Reached skill level 5 in Throwing
  4494 | D:5      | Reached skill level 5 in Dodging
  4884 | D:5      | HP: 3/73 [gnoll sergeant/+8 trident of protection (9)]
  4885 | D:5      | Mangled by a gnoll sergeant

Skill      XL: |  1  2  3  4  5  6  7  8 |
---------------+-------------------------+-----
Fighting       | 4 5 6 7 |  7.0
Axes           | 4 |  4.8
Armour         | 3 |  3.4
Dodging        | 3 4 5 |  5.0
Short Blades   | 1 2 3 4 5 |  5.4
Throwing       | 2 3 4 5 |  5.0
Stealth        | 1 2 |  2.2
Staves         | 1 |  1.2

Action                   |  1- 3 |  4- 6 |  7- 9 || total
-------------------------+-------+-------+-------++-------
Melee: Hand axe          |    38 |       |       ||    38
       Headbutt          |     5 |    11 |    36 ||    52
       Dagger            |    18 |   116 |   117 ||   251
       Staff             |       |       |    12 ||    12
Throw: Stone             |       |   104 |    34 ||   138
  Use: Potion            |       |     5 |       ||     5
 Stab: Sleeping          |       |     1 |       ||     1
  Eat: Chunk             |       |     2 |       ||     2
       Ration            |       |     1 |     2 ||     3
Armor: Animal skin       |    12 |    10 |     1 ||    23
       Leather armour    |       |       |    12 ||    12
Dodge: Dodged            |    56 |    90 |    78 ||   224
